 Dungeon Crawl Stone Soup version 0.21.0-3-g78d12a8bdd (webtiles) character file.

1159 Szopen the Vexing (level 8, -1/60 HPs)
             Began as a Formicid Enchanter on Jan 9, 2018.
             Was an Initiate of Sif Muna.
             Slain by a soul eater (3 damage)
             ... summoned by the malice of Kikubaaqudgha
             ... on level 2 of the Dungeon.
             The game lasted 00:32:11 (6419 turns).

Szopen the Vexing (Formicid Enchanter)              Turns: 6419, Time: 00:32:12

Health: -1/60      AC:  5    Str: 14    XL:     8   Next: 66%
Magic:  10/12      EV: 11    Int: 18    God:    Sif Muna [......]
Gold:   260        SH:  0    Dex: 11    Spells: 4/13 levels left

rFire    . . .     SeeInvis +   A - +4 spear
rCold    . . .     Gourm    .   (no shield)
rNeg     . . .     Faith    .   h - +0 ring mail
rPois    .         Spirit   .   (helmet unavailable)
rElec    .         Reflect  .   (no cloak)
rCorr    .         Harm     .   B - -1 pair of gloves of an ossuary {Int+2} (curse)
MR       .....                  (no boots)
Stlth    ++........             m - amulet of regeneration
HPRegen  0.60/turn              (no ring)
MPRegen  0.13/turn              (no ring)

@: heavily drained
A: permanent stasis, dig shafts and tunnels, four strong arms, antennae 3
a: Dig, Shaft Self, Renounce Religion


You were on level 2 of the Dungeon.
You worshipped Sif Muna.
Sif Muna was noncommittal.
You were not hungry.

You visited 2 branches of the dungeon, and saw 6 of its levels.
You also visited: Ossuary.

You collected 260 gold pieces.

Inventory:

Hand Weapons
 A - a +4 spear (weapon)
Armour
 h - a +0 ring mail (worn)
 B - the cursed -1 pair of gloves of an ossuary (worn) {Int+2}
   (You found it on level 4 of the Dungeon)

   It affects your intelligence (+2).
   It has a curse placed upon it.
Jewellery
 m - an amulet of regeneration (around neck)
 C - a +6 amulet of reflection
Wands
 p - a wand of flame (43)
 r - a wand of iceblast (7)
 y - a wand of digging (10)
 E - a wand of scattershot (2)
Scrolls
 c - 2 scrolls of immolation
 g - a scroll of enchant armour {unknown}
 i - a scroll of magic mapping {unknown}
 n - a scroll of noise {unknown}
 q - 2 scrolls of enchant weapon
 t - a scroll of fog {unknown}
 w - 3 scrolls of amnesia
 x - 2 scrolls of remove curse
 z - 2 scrolls of identify
 H - a scroll of fear {unknown}
Potions
 a - 2 potions of degeneration {unknown}
 b - a potion of curing
 e - 2 potions of ambrosia {unknown}
 f - a potion of cancellation {unknown}
 j - a potion of berserk rage {unknown}
 k - 3 potions of haste {unknown}
 l - a potion of brilliance {unknown}
 u - a potion of heal wounds {unknown}
 v - a potion of might
 D - a potion of invisibility {unknown}
Books
 o - Kikubaaqudgha's Catalogue of Black Magic
   (Kikubaaqudgha gifted it to you on level 2 of the Dungeon)

   Spells                             Type                      Level
   a - Pain                           Necromancy                   1
   b - Corpse Rot                     Necromancy                   2
   c - Sublimation of Blood           Necromancy                   2
   d - Regeneration                   Charms/Necromancy            3
 s - a book of Maledictions

   Spells                             Type                      Level
   a - Corona                         Hexes                        1
   b - Ensorcelled Hibernation        Hexes/Ice                    2
   c - Confuse                        Hexes                        3
   d - Tukima's Dance                 Hexes                        3
   e - Dazzling Spray                 Conjuration/Hexes            3
 F - a book of Changes

   Spells                             Type                      Level
   a - Beastly Appendage              Transmutation                1
   b - Sticks to Snakes               Transmutation                2
   c - Spider Form                    Transmutation/Poison         3
   d - Ice Form                       Ice/Transmutation            4
   e - Blade Hands                    Transmutation                5
Comestibles
 d - 6 rations
 G - 7 chunks of flesh


   Skills:
 - Level 4.0(1.9) Fighting
   Level 1.0(0.0) Short Blades
 - Level 4.0(1.9) Armour
 - Level 4.0(2.0) Dodging
 - Level 6.0(3.8) Stealth
 - Level 3.0(1.0) Spellcasting
 * Level 6.3(4.2) Hexes
 - Level 3.0(1.0) Evocations


You had 4 spell levels left.
You knew the following spells:

 Your Spells              Type           Power        Failure   Level  Hunger
a - Corona                Hex            ###....      7%          1    ##.....
b - Confuse               Hex            ###.....     22%         3    ####...
d - Regeneration          Chrm/Necr      #.........   75%         3    ####...
z - Sublimation of Blood  Necr           #.........   52%         2    ###....


Dungeon Overview and Level Annotations

Branches:
Dungeon (5/15)             Temple (1/1) D:5

Altars:
Dithmenos
Elyvilon
Hepliaklqana
Kikubaaqudgha
Nemelex Xobeh
Okawaru
Qazlal
Ru
Sif Muna
Uskayaw
Vehumet
Yredelemnul
Zin

Annotations:
D:3 Sigmund
D:4 exclusion: dancing weapon


Innate Abilities, Weirdness & Mutations

You cannot be hasted, slowed, berserked, paralysed or teleported.
You can dig through walls and to a lower floor.
Your four strong arms can wield two-handed weapons with a shield.
You have a pair of large antennae on your head. (SInv)


Message History

You destroy the leopard gecko skeleton!
That felt strangely unrewarding.
The bullfrog skeleton hits you but does no damage.
The soul eater hits you!
You feel drained. The bullfrog skeleton misses you.
The bullfrog skeleton hits you.
There is a stone staircase leading up here.
The bullfrog skeleton hits you but does no damage.
The soul eater completely misses you.
In your confused state, you trip and fall back down the stairs.
You feel less confused.
The bullfrog skeleton barely misses you.
The soul eater hits you.
You feel drained. The bullfrog skeleton hits you.
The bullfrog skeleton hits you. The soul eater hits you!
You feel drained.
You die...

######### #....§3.# ###
#...§.Z@# #######..
#.......#### #....#...
#.....[....## #....(.#.
#......#.#..# #.#......
#...........# #......#.
###.........####.#)##.#.
#......#.###...........
#........###.#.....###.
#.........##...........


You could see a soul eater and a bullfrog skeleton.

Vanquished Creatures
  A sky beast (D:5)
  An ice beast (D:4)
  3 ogres
  A centaur (D:5)
  A howler monkey (D:4)
  A crimson imp (D:5)
  2 centaur zombies (Ossuary)
  2 jellies (D:5)
  3 human zombies (Ossuary)
  A hound (D:5)
  A bullfrog skeleton (D:5)
  A centaur skeleton (D:5)
  An orc priest (D:2)
  An orc wizard (D:1)
  2 worker ants (D:5)
  An ogre skeleton (D:4)
  A hound skeleton (D:4)
  2 mummies
  A worker ant zombie (D:5)
  A howler monkey zombie (D:5)
  9 adders
  An adder zombie (D:5)
  3 dart slugs
  5 orcs
  A ball python (D:1)
  16 bats
  5 giant cockroaches
  7 goblins
  4 hobgoblins
  4 jackals
  8 kobolds
  3 quokkas
  4 frilled lizards
  A hobgoblin skeleton (D:4)
  A leopard gecko skeleton (D:2)
  A quokka skeleton (D:4)
  A quokka zombie (D:5)
  8 rats
110 creatures vanquished.

Notes
Turn   | Place    | Note
-------+----------+-------------------------------------------
     0 | D:1      | Szopen the Formicid Enchanter began the quest for the Orb.
     0 | D:1      | Reached XP level 1. HP: 13/13 MP: 3/3
    63 | D:1      | Reached skill level 1 in Fighting
   202 | D:1      | Reached XP level 2. HP: 20/21 MP: 3/5
   840 | D:1      | Reached XP level 3. HP: 26/28 MP: 6/6
   845 | D:1      | Learned a level 3 spell: Confuse
  1419 | D:2      | Found a faded altar of an unknown god.
  1426 | D:2      | Became a worshipper of Kikubaaqudgha
  1426 | D:2      | Reached * piety under Kikubaaqudgha
  1426 | D:2      | Identified Kikubaaqudgha's Catalogue of Black Magic (Kikubaaqudgha gifted it to you on level 2 of the Dungeon)
  1426 | D:2      | Received a gift from Kikubaaqudgha
  1689 | D:2      | Reached XP level 4. HP: 31/35 MP: 7/7
  2269 | D:2      | Learned a level 3 spell: Regeneration
  3054 | D:1      | Reached XP level 5. HP: 33/41 MP: 1/8
  3151 | D:2      | Reached skill level 5 in Stealth
  3204 | D:2      | Reached skill level 5 in Hexes
  3314 | D:2      | Reached ** piety under Kikubaaqudgha
  3487 | D:3      | Noticed Sigmund
  4000 | D:4      | Noticed a hand axe
  4001 | D:4      | Noticed a hand axe
  4003 | D:4      | Found a hide-covered altar of Uskayaw.
  4270 | D:4      | Found a sand-covered staircase.
  4292 | D:4      | Got a pair of encrusted gloves
  4309 | D:4      | Identified the cursed -1 pair of gloves of an ossuary {Int+2} (You found it on level 4 of the Dungeon)
  4315 | Ossuary  | Entered an ossuary
  4423 | Ossuary  | Reached skill level 1 in Evocations
  4423 | Ossuary  | Reached XP level 6. HP: 40/47 MP: 4/9
  4429 | Ossuary  | Reached skill level 1 in Armour
  4569 | D:4      | Noticed an ogre
  4635 | D:4      | Reached XP level 7. HP: 51/54 MP: 8/10
  4749 | D:4      | Found a shadowy altar of Dithmenos.
  4959 | D:5      | Entered Level 5 of the Dungeon
  5048 | D:5      | Found a glowing silver altar of Zin.
  5162 | D:5      | Learned a level 2 spell: Sublimation of Blood
  5327 | D:5      | Found a shadowy altar of Dithmenos.
  5422 | D:4      | Reached XP level 8. HP: 60/60 MP: 8/12
  5650 | D:5      | Found a staircase to the Ecumenical Temple.
  5660 | Temple   | Entered the Ecumenical Temple
  5794 | Temple   | Fell from the grace of Kikubaaqudgha
  5794 | Temple   | Became a worshipper of Sif Muna the Loreminder
  6338 | D:3      | HP: 1/60 [quokka skeleton[the malice of Kikubaaqudgha] (3)]
  6412 | D:2      | Noticed a soul eater
  6419 | D:2      | HP: 2/60 [soul eater[the malice of Kikubaaqudgha] (10)]
  6419 | D:2      | Slain by a soul eater

Skill      XL: |  1  2  3  4  5  6  7  8 |
---------------+-------------------------+-----
Fighting       | 1 2 3 4 |  4.0
Dodging        | 2 4 |  4.0
Stealth        | 4 5 6 |  6.0
Hexes          | 4 5 6 |  6.3
Evocations     | 1 3 |  3.0
Armour         | 3 4 |  4.0
Spellcasting   | 3 |  3.0
Short Blades   | |  1.0

Action                   |  1- 3 |  4- 6 |  7- 9 || total
-------------------------+-------+-------+-------++-------
Melee: Dagger            |   108 |   173 |       ||   281
       Spear             |       |    54 |   157 ||   211
 Cast: Corona            |    17 |    43 |    24 ||    84
       Confuse           |     2 |    20 |    17 ||    39
 Abil: Dig               |       |     1 |     3 ||     4
  Use: Scroll            |       |     5 |     3 ||     8
       Potion            |       |     1 |     2 ||     3
 Stab: Sleeping          |     5 |     5 |       ||    10
       Confused          |     1 |     5 |     7 ||    13
  Eat: Chunk             |     3 |    11 |    10 ||    24
Armor: Robe              |    29 |    28 |       ||    57
       Ring mail         |       |    22 |    41 ||    63
Dodge: Dodged            |    65 |   149 |    89 ||   303
